 Dungeon Crawl Stone Soup version 0.28-a0-410-gbef64dd269 (webtiles) character file.

Game seed: 573521404323177864

12224 Spaninq the Thaumaturge (level 11, -7/83 HPs)
             Began as a Demonspawn Earth Elementalist on Sept 6, 2021.
             Was a High Priest of Makhleb.
             Mangled by a death yak (15 damage)
             ... on level 1 of the Lair of Beasts.
             The game lasted 01:03:18 (17151 turns).

Spaninq the Thaumaturge (DsEE)                     Turns: 17151, Time: 01:03:20

Health: -7/83      AC:  7    Str: 19    XL:     11   Next: 59%
Magic:  22/23      EV: 12    Int: 26    God:    Makhleb [*****.]
Gold:   832        SH:  8    Dex: 13    Spells: 10/26 levels left

rFire   + . .      SeeInvis .   i - +2 whip (elec)
rCold   . . .      Faith    .   j - +3 buckler of Gravitas {rPois rF+ rN+ Str+4}
rNeg    + . .      Spirit   .   p - +2 robe {Archmagi}
rPois   +          Reflect  .   o - +1 helmet
rElec   .          Harm     .   O - scarf {repulsion}
rCorr   .          Rampage  .   y - +0 pair of gloves
Will    .....      Archmagi +   (no boots)
Stlth   ++........              A - amulet of magic regeneration
HPRegen 0.23/turn               a - +6 ring of strength
MPRegen 0.43/turn               (no ring)

@: repel missiles
A: hooves 2, foul stench 1, big brain 3, demonic magic 2
a: Renounce Religion, Minor Destruction, Lesser Servant of Makhleb, Major
Destruction, Greater Servant of Makhleb


You were on level 1 of the Lair of Beasts.
You worshipped Makhleb.
Makhleb was extremely pleased with you.
You visited 2 branches of the dungeon, and saw 13 of its levels.

You collected 832 gold pieces.

Inventory:

Hand Weapons
 i - a +2 whip of electrocution (weapon)
 l - a +0 dagger of venom
 t - a +5 mace
 F - a +3 hand axe
Missiles
 c - 180 stones
Armour
 j - the +3 buckler of Gravitas (worn) {rPois rF+ rN+ Str+4}
   (You acquired it on level 6 of the Dungeon)

   Str:       It affects your strength (+4).
   rF:        It protects you from fire.
   rPois:     It protects you from poison.
   rN:        It protects you from negative energy.
 o - a +1 helmet (worn)
 p - a +2 robe of the Archmagi (worn)
 u - a +0 cloak
 y - a +0 pair of gloves (worn)
 H - a +2 hat
 O - a scarf of repulsion (worn)
Magical Staves
 e - a staff of cold
 C - a staff of fire
Jewellery
 a - a +6 ring of strength (left hand)
 A - an amulet of magic regeneration (around neck)
Wands
 w - a wand of polymorph (12)
 B - a wand of paralysis (15)
 D - a wand of charming (3)
Scrolls
 b - 3 scrolls of amnesia
 h - a scroll of enchant weapon {unknown}
 q - 3 scrolls of teleportation
 r - a scroll of fear
 v - a scroll of brand weapon
 E - 4 scrolls of fog
 G - a scroll of blinking
 J - a scroll of silence
 K - a scroll of noise {unknown}
 M - 2 scrolls of identify
 N - 2 scrolls of enchant armour
Potions
 d - a potion of heal wounds
 f - 5 potions of curing
 g - 3 potions of magic
 k - 2 potions of brilliance
 m - a potion of invisibility
 n - 2 potions of mutation
 s - 2 potions of haste
 x - 2 potions of berserk rage
 z - a potion of lignification
 I - 3 potions of resistance
 L - a potion of might


   Skills:
 + Level 6.8 Fighting
 - Level 1.7 Dodging
 - Level 1.7 Stealth
 - Level 4.0 Shields
 + Level 8.1 Spellcasting
 * Level 5.8 Conjurations
 + Level 7.0 Transmutations
 * Level 5.2 Air Magic
 - Level 7.7 Earth Magic
 + Level 5.5 Invocations


You had 10 spell levels left.
You knew the following spells:

 Your Spells              Type           Power      Damage    Failure   Level
a - Sandblast             Erth           100%       2d20      1%          1
b - Passwall              Tmut/Erth      54%        N/A       1%          2
c - Petrify               Tmut/Erth      65%        N/A       1%          4
d - Slow                  Hex            15%        N/A       3%          2
e - Static Discharge      Conj/Air       56%        N/A       1%          2
f - Lightning Bolt        Conj/Air       28%        1d44      6%          5

Your spell library contained the following spells:

 Spells                   Type           Power      Damage    Failure   Level
 Beastly Appendage        Tmut           100%       N/A       1%          1
 Sting                    Tmut/Pois      100%       1d8       1%          1
 Poisonous Vapours        Pois/Air       72%        N/A       1%          2
 Wereblood                Tmut           63%        N/A       1%          2
 Dazzling Flash           Conj/Hex       76%        N/A       1%          3
 Spider Form              Tmut/Pois      21%        N/A       1%          3
 Stone Arrow              Conj/Erth      100%       3d13      1%          3
 Freeze                   Ice            60%        1d8       2%          1
 Ensorcelled Hibernation  Hex/Ice        30%        N/A       3%          2
 Confusing Touch          Hex            15%        N/A       7%          3
 Frozen Ramparts          Ice            30%        1d5       7%          3
 Tukima's Dance           Hex            15%        N/A       7%          3
 Vampiric Draining        Necr           7%         2d7       7%          3
 Hailstorm                Conj/Ice       38%        3d9       7%          4
 Silence                  Hex/Air        18%        N/A       21%         5
 Olgreb's Toxic Radiance  Pois           15%        N/A       22%         4
 Agony                    Necr           15%        N/A       50%         5
 Summon Forest            Summ/Tloc      7%         N/A       50%         5
 Summon Mana Viper        Hex/Summ       15%        N/A       50%         5
 Summon Cactus Giant      Summ           7%         N/A       96%         6
 Maxwell's Capacitive Co  Air            27%        ∞         100%        8


Dungeon Overview and Level Annotations

Branches:
Dungeon (11/15)            Temple (0/1) D:4            Lair (2/6) D:10
  Swamp: Lair:2-4    Shoals: Lair:2-4     Snake: Lair:2-4    Spider: Lair:2-4
    Orc: D:9-12

Altars:
Kikubaaqudgha
Makhleb
Trog

Shops:
D:4 ?


Innate Abilities, Weirdness & Mutations

You have hoof-like feet.
You may rarely emit foul miasma when damaged in melee.
You have an absolutely massive brain. (Int +6, Wiz)
Spells you cast may paralyse nearby enemies.


Message History

The blast of sand hits the death yak but does no damage.
The death yak is moderately wounded.
Malevolent energies surge around you. The death yak misses you.
Casting: Sandblast (safe; 1% risk of failure)
Confirm with . or Enter, or press ? or * to list all spells.
Aiming: Sandblast (safe; 1% risk of failure)
Press: ? - help, Shift-Dir - straight line, f/p - death yak
Aim: a death yak (moderately wounded, 94% to hit)
You feel a surge of power!
The blast of sand hits the death yak!
The death yak is heavily wounded.
Malevolent energies surge around you. The death yak gores you!!
Casting: Sandblast (safe; 1% risk of failure)
Confirm with . or Enter, or press ? or * to list all spells.
Aiming: Sandblast (safe; 1% risk of failure)
Press: ? - help, Shift-Dir - straight line, f/p - death yak
Aim: a death yak (heavily wounded, 94% to hit)
You feel a surge of power!
The blast of sand hits the death yak!
The death yak is heavily wounded.
Malevolent energies surge around you. The death yak gores you!!
You block the death yak's attack.
Casting: Sandblast (safe; 1% risk of failure)
Confirm with . or Enter, or press ? or * to list all spells.
Aiming: Sandblast (safe; 1% risk of failure)
Press: ? - help, Shift-Dir - straight line, f/p - death yak
Aim: a death yak (heavily wounded, 94% to hit)
You feel a surge of power!
The blast of sand hits the death yak!
The death yak is severely wounded.
Malevolent energies surge around you. The death yak gores you!!
* * * LOW HITPOINT WARNING * * *
The death yak gores you!!
* * * LOW HITPOINT WARNING * * *
Casting: Sandblast (safe; 1% risk of failure)
Confirm with . or Enter, or press ? or * to list all spells.
Aiming: Sandblast (safe; 1% risk of failure)
Press: ? - help, Shift-Dir - straight line, f/p - death yak
Aim: a death yak (moderately wounded, 94% to hit)
You feel a surge of power!
The blast of sand hits the death yak!!
The death yak is severely wounded.
Malevolent energies surge around you. The death yak gores you!
You die...

.#....#..........# ##.
#....#...........######
###)
......................#
#...
..........####..####..#
#...
......#...####..P###..#
#...
#...##....#......##P..#
#...
#...###...P......###..#
#...
......................#
#...
................@#.#..#
#...
................Y#....#
#...
.........##......######
#... ##..#.#####P.....#
##.. .....## #.....##
#.. .....# ##....#
####.. .....# #.####
#..... .....## #.#
#..... ......# ##.# ###
#.....


You could see a death yak.

Vanquished Creatures
  Harold (D:8)
  A hydra (Lair:1)
  A deep elf pyromancer (D:11)
  Joseph (D:7)
  5 cane toads
  An unseen horror (D:11)
  2 komodo dragons
  A troll (D:7)
  Prince Ribbit (D:5)
  5 blink frogs (Lair:1)
  A hornet (D:8)
  A slime creature (D:11)
  A spriggan (D:8)
  10 yaks (D:10)
  Grum (D:8)
  A steam dragon (D:9)
  3 water moccasins
  Duvessa (D:5)
  3 orc warriors
  A black bear (D:6)
  2 sky beasts
  5 centaurs
  An ogre (D:5)
  2 wolves (D:8)
  5 kobold brigands
  A gnoll sergeant (D:8)
  3 bullfrogs
  2 scorpions (D:5)
  A wyvern zombie (D:7)
  Dowan (D:5)
  8 wights
  A howler monkey (D:8)
  A bullfrog zombie (D:4)
  4 jellies
  3 centaur zombies
  7 orc priests
  4 hounds
  2 bullfrog skeletons (D:5)
  Terence (D:1)
  A gnoll shaman (D:10)
  4 orc wizards
  Natasha (thrice) (D:2)
  7 iguanas
  A killer bee zombie (D:7)
  A howler monkey zombie (D:7)
  Robin (D:3)
  11 gnolls
  6 adders
  2 white imps
  An ufetubus (D:5)
  An adder skeleton (D:4)
  A worm (D:2)
  24 orcs
  4 bats
  2 endoplasms
  3 giant cockroaches
  17 goblins
  10 hobgoblins
  10 jackals
  4 quokkas
  6 ball pythons
  2 frilled lizards
  28 kobolds
  14 rats
260 creatures vanquished.

Notes
Turn   | Place    | Note
-------+----------+-------------------------------------------
     0 | D:1      | Spaninq the Demonspawn Earth Elementalist began the quest
                  | for the Orb.
     0 | D:1      | Reached XP level 1. HP: 13/13 MP: 3/3
   204 | D:1      | Noticed a golden eye
   206 | D:1      | Found a faded altar of an unknown god.
   208 | D:1      | Noticed an eye of devastation
   209 | D:1      | Noticed an eye of devastation
   209 | D:1      | Noticed a great orb of eyes
   231 | D:1      | Gained mutation: You have large cloven feet. [demonic
                  | ancestry]
   231 | D:1      | Reached XP level 2. HP: 13/20 MP: 5/5
   234 | D:1      | Became a worshipper of Makhleb the Destroyer
   234 | D:1      | Reached * piety under Makhleb
  1215 | D:2      | Reached skill level 1 in Fighting
  1310 | D:2      | Gained mutation: You have an unusually large brain. (Int
                  | +2) [demonic ancestry]
  1310 | D:2      | Reached XP level 3. HP: 26/26 MP: 3/6
  1397 | D:2      | Found an ancient bone altar of Kikubaaqudgha.
  1489 | D:2      | Noticed Terence
  1767 | D:2      | Noticed Natasha
  1773 | D:2      | Killed Natasha
  1828 | D:2      | Noticed Natasha
  1832 | D:2      | Killed Natasha
  1833 | D:2      | Reached skill level 1 in Shields
  1833 | D:2      | Gained mutation: You have an extremely huge brain. (Int +4)
                  | [demonic ancestry]
  1833 | D:2      | Reached XP level 4. HP: 23/32 MP: 4/7
  2195 | D:2      | Noticed Natasha
  2201 | D:2      | Killed Natasha
  2505 | D:3      | Noticed Robin
  3264 | D:3      | Reached ** piety under Makhleb
  3265 | D:3      | Gained mutation: You have hoof-like feet. [demonic
                  | ancestry]
  3265 | D:3      | Reached XP level 5. HP: 36/38 MP: 9/9
  3608 | D:3      | Killed Robin
  3742 | D:4      | Reached skill level 3 in Spellcasting
  4594 | D:1      | Found a burning altar of Makhleb.
  4997 | D:1      | Killed Terence
  5230 | D:4      | Gained mutation: You may rarely emit foul miasma when
                  | damaged in melee. [demonic ancestry]
  5230 | D:4      | Reached XP level 6. HP: 8/44 MP: 9/11
  5602 | D:4      | Found a staircase to the Ecumenical Temple.
  5867 | D:4      | Found Wagelyug's Magic Scroll Emporium.
  5871 | D:4      | Learned a level 2 spell: Passwall
  5935 | D:5      | Entered Level 5 of the Dungeon
  6396 | D:5      | Noticed Prince Ribbit
  6422 | D:5      | Killed Prince Ribbit
  6423 | D:5      | Reached skill level 4 in Spellcasting
  6423 | D:5      | Reached skill level 5 in Earth Magic
  6423 | D:5      | Gained mutation: You have an absolutely massive brain. (Int
                  | +6, Wiz) [demonic ancestry]
  6423 | D:5      | Reached XP level 7. HP: 37/52 MP: 8/13
  6428 | D:5      | Learned a level 4 spell: Petrify
  6431 | D:5      | Reached skill level 1 in Transmutations
  6911 | D:5      | Reached XP level 8. HP: 52/58 MP: 13/15
  7355 | D:5      | Noticed Duvessa
  7358 | D:5      | Noticed Dowan
  7365 | D:5      | Killed Duvessa
  7366 | D:5      | Reached skill level 5 in Spellcasting
  7369 | D:5      | Killed Dowan
  8807 | D:6      | Identified a scroll of acquirement
  8807 | D:6      | Acquired the +3 buckler of Gravitas {rPois rF+ rN+ Str+4}
  8890 | D:6      | Learned a level 2 spell: Slow
  9781 | D:7      | Reached *** piety under Makhleb
  9785 | D:7      | HP: 3/60 [something (5)]
 10019 | D:7      | Reached XP level 9. HP: 63/65 MP: 15/17
 10042 | D:7      | Noticed a troll
 10057 | D:7      | Killed a troll
 10058 | D:7      | Reached skill level 6 in Spellcasting
 10475 | D:7      | Found a bloodstained altar of Trog.
 10500 | D:7      | Noticed Joseph
 10508 | D:7      | Killed Joseph
 10667 | D:7      | Reached skill level 5 in Transmutations
 11133 | D:8      | Reached skill level 5 in Fighting
 11820 | D:8      | Reached skill level 7 in Spellcasting
 12022 | D:8      | Reached **** piety under Makhleb
 12099 | D:8      | Noticed Harold
 12106 | D:8      | Noticed Grum
 12376 | D:8      | Reached skill level 1 in Invocations
 12376 | D:8      | Gained mutation: Spells you cast may paralyse adjacent
                  | enemies. [demonic ancestry]
 12376 | D:8      | Reached XP level 10. HP: 64/74 MP: 13/20
 12405 | D:8      | Killed Grum
 12597 | D:7      | Learned a level 2 spell: Static Discharge
 12830 | D:8      | Killed Harold
 12831 | D:8      | Reached skill level 1 in Conjurations
 12831 | D:8      | Reached skill level 1 in Air Magic
 13933 | D:10     | Entered Level 10 of the Dungeon
 14269 | D:10     | Found a staircase to the Lair.
 15209 | D:10     | Gained mutation: Spells you cast may paralyse nearby
                  | enemies. [demonic ancestry]
 15209 | D:10     | Reached XP level 11. HP: 62/81 MP: 19/22
 15540 | D:11     | Noticed a deep elf pyromancer
 15556 | D:11     | Killed a deep elf pyromancer
 15571 | D:11     | Learned a level 5 spell: Lightning Bolt
 15763 | Lair:1   | Entered Level 1 of the Lair of Beasts
 15763 | Lair:1   | Noticed a six-headed hydra
 15769 | Lair:1   | Killed a six-headed hydra
 15783 | Lair:1   | Reached skill level 5 in Conjurations
 16093 | Lair:1   | Reached skill level 8 in Spellcasting
 16093 | Lair:1   | Reached skill level 5 in Invocations
 16410 | Lair:1   | Reached skill level 5 in Air Magic
 16424 | Lair:1   | Reached ***** piety under Makhleb
 17082 | Lair:2   | Noticed a death yak
 17084 | Lair:2   | Noticed a death yak
 17090 | Lair:2   | Noticed a death yak
 17129 | Lair:1   | HP: 3/83 [death yak (22)]
 17151 | Lair:1   | Mangled by a death yak

Illustrated notes

Levels and vault maps discovered:
D:1:      dpeg_arrival_chambers_temple_mockup, layout_basic,
          hellmonk_ecumenical_altar_watching_god, minmay_rat_gold_closets
D:2:      layout_loops_ring, basic_altar, uniq_terence, uniq_natasha
D:3:      layout_basic, minmay_misc_feat_five, roderic_serpentine_path,
          st_stairs_7, hangedman_decor_growths, uniq_robin
D:4:      layout_rooms, minmay_temple_entry_wispy, serial_shops, shop,
          chequers_mini_garden
D:5:      layout_basic, grunt_decor_resistance, minmay_bent, uniq_duvessa,
          uniq_prince_ribbit1
D:6:      black_bear_nest_1, layout_basic, dk_vineyard_2
D:7:      layout_basic, mainiacjoe_overflow_surrounded_room,
          chequers_serial_rivers_room_b, uniq_joseph
D:8:      layout_layer_cave, minmay_misc_feat_pillars, the_hattery, uniq_grum,
          uniq_harold
D:9:      layout_long_grid
D:10:     layout_basic, lair_entry_dummy, kennysheep_generic_room_9
D:11:     minmay_the_grid_square_5x5_3x3
          [minmay_the_grid_square_5x5_intrusive_squares,
          minmay_the_grid_square_5x5_fat_x, minmay_the_grid_square_5x5_longway,
          minmay_the_grid_square_5x5_lines,
          minmay_the_grid_square_5x5_megaprize_hollow,
          minmay_the_grid_square_5x5_gyroscope,
          minmay_the_grid_square_5x5_corner,
          minmay_the_grid_square_5x5_eight_small,
          minmay_the_grid_square_5x5_broken_cross], layout_loops_corners,
          grunt_ministairs_3
Lair:1:   layout_gridlike
Lair:2:   layout_hall_layers, palyth_hydra_swamp_entry,
          ebering_ghost_inner_flame, serial_bayou_shore_b

Skill      XL: |  1  2  3  4  5  6  7  8  9 10 11 |
---------------+----------------------------------+-----
Earth Magic    | 3 4 5 6 7 |  7.7
Fighting       | 1 2 3 4 5 6 |  6.8
Shields        | 1 2 3 4 |  4.0
Spellcasting   | 3 4 5 7 8 |  8.1
Transmutations | 2 3 5 6 7 |  7.0
Invocations    | 1 4 5 |  5.5
Conjurations   | 4 5 |  5.8
Air Magic      | 3 5 |  5.2
Dodging        | |  1.7
Stealth        | |  1.7

Action                   |  1- 3 |  4- 6 |  7- 9 | 10-12 || total
-------------------------+-------+-------+-------+-------++-------
Melee: Unarmed           |    37 |       |       |       ||    37
       Club              |    34 |       |       |       ||    34
       Kick              |    12 |    43 |   151 |   173 ||   379
       Whip              |     7 |    28 |    72 |   375 ||   482
       Dagger            |       |   172 |   195 |       ||   367
       Mace              |       |       |   106 |       ||   106
 Cast: Sandblast         |    23 |    16 |    33 |    52 ||   124
       Petrify           |       |       |    33 |    69 ||   102
       Static Discharge  |       |       |       |     2 ||     2
  Use: Scroll            |       |    11 |     7 |     5 ||    23
       Potion            |       |     1 |     3 |     1 ||     5
 Stab: Sleeping          |     7 |     1 |     3 |     1 ||    12
       Petrified         |       |       |    85 |   136 ||   221
       Petrifying        |       |       |     6 |     5 ||    11
       Distracted        |       |       |     1 |       ||     1
       Paralysed         |       |       |       |    87 ||    87
Armor: Robe              |    21 |    53 |    88 |    48 ||   210
Dodge: Dodged            |    51 |   124 |   176 |    90 ||   441
Block: Buckler           |       |       |    75 |    69 ||   144

Table legend: (Time is in decaauts)
 A = Elapsed time spent in this place.
 B = Non-inter-level travel time spent in this place.
 C = Inter-level travel time spent in this place.
 D = Time resting spent in this place.
 E = Time spent auto-exploring this place.
 F = Levels seen in this place.
 G = Mean time per level.
                   A        B        C        D        E       F      G
               +--------+--------+--------+--------+--------+-----+--------+
         Total |  17289 |  16751 |    538 |   2973 |   9741 |  13 | 1329.9 |
       Dungeon |  15890 |  15430 |    460 |   2782 |   9003 |  11 | 1444.5 |
          Lair |   1399 |   1321 |     78 |    191 |    738 |   2 |  699.5 |
               +--------+--------+--------+--------+--------+-----+--------+

Top non-repeatable levels by time:
     D:5: 2521 daAuts
     D:7: 1823 daAuts
     D:1: 1792 daAuts
     D:8: 1698 daAuts
     D:3: 1658 daAuts
    D:10: 1645 daAuts
     D:2: 1567 daAuts
  Lair:1: 1308 daAuts
     D:4: 1144 daAuts
     D:9: 982 daAuts
     D:6: 849 daAuts
    D:11: 206 daAuts
  Lair:2: 90 daAuts
